 Dungeon Crawl Stone Soup version 0.30-a0-1164-ge08a67761e (webtiles) character file.

Game seed: 8139303106576141366

42 graymark the Chopper (level 3, -1/33 HPs)
             Began as a Naga Gladiator on Apr 29, 2023.
             Slain by an orc priest
             ... wielding a +0 flail
              (4 damage)
             ... on level 2 of the Dungeon.
             The game lasted 00:05:12 (1582 turns).

graymark the Chopper (Naga Gladiator)               Turns: 1582, Time: 00:05:13

Health: -1/33      AC:  4    Str: 18    XL:     3   Next: 56%
Magic:  3/3        EV:  9    Int:  8    God:
Gold:   80         SH:  0    Dex: 12    Spells: 2/2 levels left

rFire   . . .        a - +0 war axe (heavy)
rCold   . . .        (no shield)
rNeg    . . .        z - +0 ring mail
rPois   +            c - +0 helmet
rElec   .            (no cloak)
rCorr   .            (no gloves)
SInv    +            (no barding)
Will    .....        (no amulet)
Stlth   +            (no ring)
HPRegen 0.25/turn    (no ring)
MPRegen 0.08/turn

%: no passive effects
@: very slow
A: AC +1, large, see invisible, deformed body, poison resistance, slowness 2,
spit poison 1, naga tail 1
a: Spit Poison


You were on level 2 of the Dungeon.
You visited 1 branch of the dungeon, and saw 3 of its levels.

You collected 80 gold pieces.

Inventory:

Hand Weapons
 a - a +0 heavy war axe (weapon)
 o - a +0 sling
 A - a +1 short sword of draining
Missiles
 d - 3 throwing nets (quivered)
 e - a javelin
 p - 5 stones
Armour
 b - a +0 leather armour
 c - a +0 helmet (worn)
 m - a +0 scale mail
 u - a +0 kite shield
 v - a +2 leather armour of fire resistance
 z - a +0 ring mail (worn)
Scrolls
 g - a scroll of identify {unknown}
 h - a scroll of blinking
 x - a scroll of enchant weapon {unknown}
 y - a scroll of magic mapping {unknown}
 B - a scroll of noise {unknown}
Potions
 f - a potion of mutation {unknown}
 i - a potion of attraction {unknown}
 j - 2 potions of heal wounds {unknown}
 k - 2 potions of curing {unknown}
 r - a potion of ambrosia {unknown}
 s - a potion of brilliance {unknown}
 w - a potion of haste {unknown}


   Skills:
 + Level 2.4 Fighting
 + Level 3.3 Axes
 - Level 1.7 Throwing
 * Level 1.1 Armour
 * Level 2.8 Dodging


You had 2 spell levels left.
You didn't know any spells.
Your spell library contained the following spells:

 Spells                   Type           Power      Damage    Failure   Level
 Inner Flame              Hex/Fire       0%         N/A       93%         3
 Yara's Violent Unravell  Hex/Tmut       0%         3d3       100%        5
 Enfeeble                 Hex            0%         N/A       100%        7


Dungeon Overview and Level Annotations

Branches:
Dungeon (3/15)

Altars:


Innate Abilities, Weirdness & Mutations

Your serpentine skin is tough. (AC +1)
You have supernaturally acute eyesight. (SInv)
Armour fits poorly on your strangely shaped body.
Your system is resistant to poisons. (rPois)
You cover ground very slowly.
You can spit poison.
You have a snake-like lower body.


Message History

An orc is wielding a +0 flail and carrying a wand of mindburst (11).
The endoplasm quivers.
The goblin shouts!
The orc shouts! x3; The orc priest shouts!
The orc priest calls down the wrath of Beogh upon you.
You barely resist.
An orc comes into view. It is wielding a +0 dagger.
Really slither into that teleport trap?
You enter a teleport trap!
The teleport trap disappears.
Your surroundings suddenly seem different.
There is a stone staircase leading up here.
The orc throws a boomerang.
The boomerang hits you.
The orc throws a boomerang.
The boomerang hits you.
The orc priest shouts!
You climb upwards.
There is a stone staircase leading down here.
You start resting.
HP restored.
You climb downwards.
The endoplasm quivers.
There is a stone staircase leading up, spattered with blood here.
The orc priest hits you with a +0 flail.
You climb upwards.
There is a stone staircase leading down here.
You barely miss the orc priest. The orc priest barely misses you.
The orc priest closely misses you.
You hit the orc priest.
The orc priest is moderately wounded.
The orc priest barely misses you.
The orc priest mumbles some strange prayers to Beogh against you.
Pain shoots through your body!
You hit the orc priest.
The orc priest is severely wounded.
The orc priest hits you with a +0 flail. x2
* * * LOW HITPOINT WARNING * * *
You hit the orc priest.
The orc priest is almost dead.
The orc priest hits you with a +0 flail.
* * * LOW HITPOINT WARNING * * *
The orc priest hits you with a +0 flail.
You die...

##### #...# #...#
#.o@# #...#######
#.........######
#...#####..)...#####
#..........###......
#...#......# #.....#
#...#.....)####..#..
#...#.....>.รท###.##.
#####......#.# #....


You could see an orc priest.

Vanquished Creatures
  A worm (D:2)
  A dart slug (D:2)
  2 ball pythons
  3 bats
  3 endoplasms
  4 giant cockroaches
  3 hobgoblins
  2 jackals (D:1)
  5 kobolds
  A quokka (D:1)
  3 frilled lizards
  4 goblins
32 creatures vanquished.

Notes
Turn   | Place    | Note
-------+----------+-------------------------------------------
     0 | D:1      | graymark the Naga Gladiator began the quest for the Orb.
     0 | D:1      | Reached XP level 1. HP: 19/19 MP: 1/1
   243 | D:1      | Reached XP level 2. HP: 25/26 MP: 2/2
   978 | D:2      | Reached XP level 3. HP: 31/33 MP: 3/3
  1085 | D:2      | Reached skill level 1 in Armour
  1582 | D:2      | Slain by an orc priest

Illustrated notes

Levels and vault maps discovered:
D:1:      scummos_arrival_forest, layout_loops_ring, serial_glass,
          glass_columns_a, glass_columns_c
D:2:      layout_rooms
D:3:      layout_basic, ebering_ghost_gozag, minmay_crystal_room,
          roderic_filled_cross

Skill      XL: |  1  2  3 |
---------------+----------+-----
Armour         | 1 |  1.1
Fighting       | |  2.4
Axes           | |  3.3
Throwing       | |  1.7
Dodging        | |  2.8

Action                     || total
---------------------------++-------
  Melee: War axe           ||   106
Ability: Spit Poison       ||     1
    Use: Scroll            ||     6
   Stab: Sleeping          ||     1
 Armour: Leather armour    ||     4
         Scale mail        ||    40
         Ring mail         ||     2
  Dodge: Dodged            ||    49

Table legend: (Time is in decaauts)
 A = Elapsed time spent in this place.
 B = Non-inter-level travel time spent in this place.
 C = Inter-level travel time spent in this place.
 D = Time resting spent in this place.
 E = Time spent auto-exploring this place.
 F = Levels seen in this place.
 G = Mean time per level.
                   A        B        C        D        E       F      G
               +--------+--------+--------+--------+--------+-----+--------+
         Total |   2080 |   1964 |    116 |    188 |   1281 |   3 |  693.3 |
       Dungeon |   2080 |   1964 |    116 |    188 |   1281 |   3 |  693.3 |
               +--------+--------+--------+--------+--------+-----+--------+

Top non-repeatable levels by time:
     D:1: 1180 daAuts
     D:2: 745 daAuts
     D:3: 154 daAuts
